 Dungeon Sprint DCSS version 0.26-a0-651-gb41185065b (webtiles) character file.

Game seed: 16875526124132461289

11979 HoaS the Warrior (level 12, -9/111 HPs)
             Began as a Formicid Fighter on Oct 15, 2020.
             Was the Champion of Makhleb.
             Mangled by an ettin
             ... wielding a +0 dire flail
              (34 damage)
             ... in the Dungeon (Sprint IX: "|||||||||||||||||||||||||||||") on Oct 17, 2020.
             The game lasted 00:08:35 (1381 turns).

HoaS the Warrior (Formicid Fighter)                 Turns: 1381, Time: 00:08:36

Health: -9/111     AC: 20    Str: 26    XL:     12   Next: 14%
Magic:  12/12      EV: 14    Int:  8    God:    Makhleb [******]
Gold:   1279       SH: 13    Dex: 10    Spells: 11/11 levels left

rFire    . . .     SeeInvis +   k - +2 lajatang (elec)
rCold    . . .     Faith    .   c - +0 kite shield
rNeg     . . .     Spirit   .   p - +0 plate armour
rPois    .         Reflect  .   (helmet unavailable)
rElec    .         Harm     .   (no cloak)
rCorr    .         Rampage  .   a - +0 pair of gloves
MR       +....                  o - +0 pair of boots
Stlth    ..........             (no amulet)
HPRegen  0.28/turn              m - +2 ring of evasion
MPRegen  0.13/turn              n - +2 ring of protection

@: no status effects
A: permanent stasis, dig shafts and tunnels, four strong arms, antennae 3
a: Dig, Minor Destruction, Lesser Servant of Makhleb, Major Destruction, Greater
Servant of Makhleb, Renounce Religion


You were in the Dungeon.
You worshipped Makhleb.
Makhleb was exalted by your worship.
You visited 1 branch You collected 1279 gold pieces.

Inventory:

Hand Weapons
 g - a +0 quarterstaff
 k - a +2 lajatang of electrocution (weapon)
Armour
 a - a +0 pair of gloves (worn)
 c - a +0 kite shield (worn)
 o - a +0 pair of boots (worn)
 p - a +0 plate armour (worn)
Jewellery
 m - a +2 ring of evasion (left hand)
 n - a +2 ring of protection (right hand)
Wands
 j - a wand of iceblast (10)
Scrolls
 h - 5 scrolls of remove curse
 i - 4 scrolls of fog
Potions
 b - a potion of resistance
 d - a potion of invisibility
 e - 7 potions of curing


   Skills:
 + Level 15.9 Fighting
 + Level 15.6 Staves
 + Level 12.2 Armour
 + Level 11.4 Dodging
 + Level 12.7 Shields


You had 11 spell levels left.
You didn't know any spells.
Your spell library was empty.

Dungeon Overview and Level Annotations

Branches:
Dungeon (1/1)

Altars:
Cheibriados
Dithmenos
Elyvilon
Fedhas
Gozag
Hepliaklqana
Kikubaaqudgha
Makhleb
Nemelex Xobeh
Okawaru
Qazlal
Ru
Sif Muna
Trog
Uskayaw
Vehumet
Wu Jian
Xom
Yredelemnul
Zin
The Shining One
Beogh
Jiyva
Lugonu

Shops:
D ?


Innate Abilities, Weirdness & Mutations

You cannot be hasted, slowed, berserked, paralysed or teleported.
You can dig through walls and to a lower floor.
Your four strong arms can wield two-handed weapons with a shield.
You have a pair of large antennae on your head. (SInv)


Message History

The deep troll is almost dead.
An ogre mage comes into view. It is wielding a -1 spear.
You slice the deep troll!!
You kill the deep troll!
Makhleb accepts your kill.
You feel better.
You feel much better.
The ettin hits you with a +0 dire flail!
The ettin barely misses you.
You slash the ettin! Lightning courses through the ettin!!
The ettin is heavily wounded.
The ettin hits you with a +0 dire flail!
The ettin hits you with a +0 dire flail!!
* * * LOW HITPOINT WARNING * * *
You slash the ettin!
The ettin is severely wounded.
You barely miss the ettin.
The ettin is severely wounded.
The ettin hits you with a +0 dire flail!!
You die...

_________________'.?)..[..[)[....
▓▓▓▓▓▓▓▓▓▓▓▓▓▓▓▓▓▓▓▓▓▓▓▓▓▓▓▓▓▓▓▓▓
........................†........
▓▓▓▓▓▓▓▓▓▓▓▓▓▓▓▓▓▓▓▓▓▓▓▓▓▓▓▓▓▓▓▓▓
.......†.........†........[.(('..
▓▓▓▓▓▓▓▓▓▓▓▓▓▓▓▓▓▓▓▓▓▓▓▓▓▓▓▓▓▓▓▓▓
.....)...........................
▓▓▓▓▓▓▓▓▓▓▓▓▓▓▓▓▓▓▓▓▓▓▓▓▓▓▓▓▓▓▓▓▓
...[))))).......@CTTO$O$ { {


{{{{ ▓▓▓▓▓▓▓▓▓▓▓▓▓▓▓▓▓▓▓▓▓▓▓▓ {{{{{{{{{{{{{{ { You could see an ettin, 2 ogre
magi and 2 deep trolls.

Vanquished Creatures
  An ettin (D)
  2 hydras (D)
  A centaur warrior (D)
  Erica (D)
  3 deep trolls (D)
  4 orc knights (D)
  4 cane toads (D)
  A komodo dragon (D)
  A tyrant leech (D)
  A blink frog (D)
  A hippogriff (D)
  A yak (D)
  3 vampire mosquitoes (D)
  4 water moccasins (D)
  7 orc warriors (D)
  A porcupine (D)
  A sky beast (D)
  An ogre (D)
  3 crocodiles (D)
  A centaur (D)
  6 bullfrogs (D)
  A wight (D)
  4 orc priests (D)
  A hound (D)
  A jelly (D)
  An iguana (D)
  3 orc wizards (D)
  An ufetubus (D)
  An adder skeleton (D)
  2 dart slugs (D)
  6 orcs (D)
  A bat (D)
  A bat skeleton (D)
  A giant cockroach (D)
  A jackal (D)
  2 frilled lizards (D)
  A quokka skeleton (D)
76 creatures vanquished.

Vanquished Creatures (others)
  An unseen horror (D)
1 creature vanquished.

Grand Total: 77 creatures vanquished

Notes
Turn   | Place    | Note
-------+----------+-------------------------------------------
     0 | D        | HoaS the Formicid Fighter began the quest for the Orb.
     0 | D        | Reached XP level 1. HP: 18/18 MP: 1/1
    24 | D        | Reached XP level 2. HP: 24/24 MP: 2/2
    34 | D        | Noticed a sky beast
    45 | D        | Killed a sky beast
    45 | D        | Reached XP level 3. HP: 13/29 MP: 3/3
    45 | D        | Reached XP level 4. HP: 15/35 MP: 4/4
    45 | D        | Reached XP level 5. HP: 18/41 MP: 5/5
    62 | D        | Found a roughly hewn altar of Beogh.
    62 | D        | Found a snail-covered altar of Cheibriados.
    62 | D        | Found a shadowy altar of Dithmenos.
    62 | D        | Found a white marble altar of Elyvilon.
    62 | D        | Found a blossoming altar of Fedhas.
    62 | D        | Found an opulent altar of Gozag.
   227 | D        | Found a hazy altar of Hepliaklqana.
   228 | D        | Found a viscous altar of Jiyva.
   229 | D        | Found an ancient bone altar of Kikubaaqudgha.
   230 | D        | Found a corrupted altar of Lugonu.
   231 | D        | Found a burning altar of Makhleb.
   232 | D        | Found a sparkling altar of Nemelex Xobeh.
   233 | D        | Found an iron altar of Okawaru.
   234 | D        | Found a stormy altar of Qazlal.
   235 | D        | Found a sacrificial altar of Ru.
   236 | D        | Found a shimmering blue altar of Sif Muna.
   237 | D        | Found a bloodstained altar of Trog.
   238 | D        | Found a hide-covered altar of Uskayaw.
   239 | D        | Became a worshipper of Makhleb the Destroyer
   240 | D        | Found a radiant altar of Vehumet.
   241 | D        | Found an ornate altar of the Wu Jian Council.
   242 | D        | Found a shimmering altar of Xom.
   243 | D        | Found a basalt altar of Yredelemnul.
   244 | D        | Found a glowing silver altar of Zin.
   245 | D        | Found a glowing golden altar of the Shining One.
   292 | D        | Noticed an ogre
   292 | D        | Noticed a bullfrog
   297 | D        | Killed an ogre
   297 | D        | Reached XP level 6. HP: 47/47 MP: 6/6
   299 | D        | Reached skill level 10 in Staves
   300 | D        | Reached * piety under Makhleb
   305 | D        | Reached XP level 7. HP: 49/52 MP: 7/7
   306 | D        | Reached ** piety under Makhleb
   323 | D        | Noticed an unseen horror
   323 | D        | Noticed a centaur warrior
   328 | D        | Killed an unseen horror
   328 | D        | Reached XP level 8. HP: 61/61 MP: 8/8
   338 | D        | Killed a centaur warrior
   338 | D        | Reached skill level 5 in Dodging
   338 | D        | Reached XP level 9. HP: 68/72 MP: 9/9
   343 | D        | Reached *** piety under Makhleb
   456 | D        | Got the ring of Elyvilon's Respect {Int+3 SInv}
   471 | D        | Noticed a seven-headed hydra
   471 | D        | Noticed a komodo dragon
   474 | D        | Noticed a six-headed hydra
   600 | D        | Killed a seven-headed hydra
   600 | D        | Reached skill level 10 in Fighting
   607 | D        | Killed a komodo dragon
   623 | D        | Killed a six-headed hydra
   623 | D        | Reached **** piety under Makhleb
   623 | D        | Reached XP level 10. HP: 89/89 MP: 10/10
   744 | D        | Noticed a cane toad
   750 | D        | Killed a cane toad
   758 | D        | Reached ***** piety under Makhleb
   765 | D        | Noticed a cane toad
   773 | D        | Noticed a cane toad
   779 | D        | Killed a cane toad
   792 | D        | Killed a cane toad
   796 | D        | Reached ****** piety under Makhleb
   808 | D        | Noticed a cane toad
   813 | D        | Reached skill level 10 in Shields
   813 | D        | Reached XP level 11. HP: 101/101 MP: 11/11
   830 | D        | Reached skill level 10 in Armour
   928 | D        | Noticed Erica
   939 | D        | Killed Erica
   939 | D        | Reached skill level 10 in Dodging
  1010 | D        | Noticed an ettin
  1025 | D        | Killed an ettin
  1025 | D        | Reached skill level 15 in Fighting
  1235 | D        | Noticed an orc knight
  1235 | D        | Noticed an orc knight
  1239 | D        | Noticed an orc knight
  1250 | D        | Killed an orc knight
  1250 | D        | Reached skill level 15 in Staves
  1258 | D        | Killed an orc knight
  1269 | D        | Killed an orc knight
  1273 | D        | Noticed an orc knight
  1289 | D        | Killed an orc knight
  1351 | D        | Found Dyips's Magic Scroll Emporium.
  1351 | D        | Noticed a deep troll
  1351 | D        | Noticed a deep troll
  1351 | D        | Noticed a deep troll
  1351 | D        | Noticed an ogre mage
  1351 | D        | Noticed an ettin
  1351 | D        | Noticed a deep troll
  1362 | D        | Killed a deep troll
  1362 | D        | Reached XP level 12. HP: 66/111 MP: 12/12
  1366 | D        | Noticed a deep troll
  1369 | D        | Killed a deep troll
  1376 | D        | Noticed an ogre mage
  1377 | D        | Killed a deep troll
  1381 | D        | Mangled by an ettin

Illustrated notes

Levels and vault maps discovered:
D:        linesprint [early_d, line_temple, items_1, d_10, items_2, lair_1,
          lair_end, items_3, orc_1, orc_end, items_4, d_15, swamp_1, shoals_1,
          snake_1, spider_1, d_20, vaults_1, items_5, swamp_end, shoals_end,
          snake_end, spider_end, vaults_end, d_27, items_6, zot_1, zot_end,
          crypt_end, forest_end, elf_end, slime_end, tomb_end, abyss_end,
          pan_hell_end]

Skill      XL: |  1  2  3  4  5  6  7  8  9 10 11 12 |
---------------+-------------------------------------+-----
Shields        | 4 7 8 9 10 12 | 12.7
Staves         | 3 7 9 12 14 15 | 15.6
Fighting       | 4 7 11 14 15 | 15.9
Armour         | 4 7 9 11 12 | 12.2
Dodging        | 2 5 9 11 | 11.4

Action                   |  1- 3 |  4- 6 |  7- 9 | 10-12 || total
-------------------------+-------+-------+-------+-------++-------
Melee: Quarterstaff      |    34 |    10 |    23 |       ||    67
       Lajatang          |       |    12 |    34 |   228 ||   274
  Use: Potion            |     1 |       |     4 |     1 ||     6
       Scroll            |       |       |     2 |       ||     2
Armor: Scale mail        |    17 |     3 |       |       ||    20
       Chain mail        |       |     1 |    35 |    18 ||    54
       Plate armour      |       |       |       |    11 ||    11
Dodge: Dodged            |    10 |     6 |    34 |    53 ||   103
Block: Kite shield       |    15 |    14 |    50 |    79 ||   158

Table legend: (Time is in decaauts)
 A = Elapsed time spent in this place.
 B = Non-inter-level travel time spent in this place.
 C = Inter-level travel time spent in this place.
 D = Time resting spent in this place.
 E = Time spent auto-exploring this place.
 F = Levels seen in this place.
 G = Mean time per level.
                   A        B        C        D        E       F      G
               +--------+--------+--------+--------+--------+-----+--------+
         Total |   1289 |   1288 |      1 |    331 |    122 |   1 | 1289.0 |
       Dungeon |   1289 |   1288 |      1 |    331 |    122 |   1 | 1289.0 |
               +--------+--------+--------+--------+--------+-----+--------+

Top non-repeatable levels by time:
       D: 1289 daAuts
